 Dungeon Crawl Stone Soup version 0.26-a0-466-g989023bd0d (webtiles) character file.

Game seed: 10387429540814055251

85 sanka the Sneak (level 4, -2/31 HPs)
             Began as a Halfling Delver on Aug 12, 2020.
             Was an Initiate of Ru.
             Slain by a gnoll
             ... wielding a +2 antimagic flail
              (3 damage)
             ... on level 3 of the Dungeon.
             The game lasted 00:05:45 (2578 turns).

sanka the Sneak (Halfling Delver)                   Turns: 2578, Time: 00:05:45

Health: -2/31      AC:  4    Str: 13    XL:     4   Next: 75%
Magic:  1/4        EV: 15    Int:  8    God:    Ru [......]
Gold:   112        SH:  0    Dex: 16    Spells: 3/3 levels left

rFire    . . .     SeeInvis .   a - +0 falchion
rCold    . . .     Faith    .   (shield restricted)
rNeg     . . .     Spirit   .   b - +0 leather armour
rPois    .         Reflect  .   (no helmet)
rElec    .         Harm     .   r - +0 cloak
rCorr    .                      (no gloves)
MR       .....                  (no boots)
Stlth    +++.......             (no amulet)
HPRegen  0.10/turn              (no ring)
MPRegen  0.09/turn              (no ring)

@: no status effects
A: small, mutation resistance 1
a: Renounce Religion


You were on level 3 of the Dungeon.
You worshipped Ru.
Ru was noncommittal.
You visited 1 branch of the dungeon, and saw 6 of its levels.

You collected 112 gold pieces.


Innate Abilities, Weirdness & Mutations

You are small and have problems with some larger weapons.
You are somewhat resistant to further mutation.


   Skills:
 - Level 3.0 Fighting
 + Level 3.1 Long Blades
 - Level 3.0 Dodging
 - Level 6.0 Stealth
 + Level 1.0 Evocations


You had 3 spell levels left.
You didn't know any spells.
Your spell library contained the following spells:

 Spells                   Type           Power        Failure   Level
 Confusing Touch          Hex            #.......     86%         3
 Gell's Gravitas          Tloc           #.........   86%         3
 Petrify                  Tmut/Erth      #.......     99%         4
 Metabolic Englaciation   Hex/Ice        #.........   100%        5
 Yara's Violent Unravell  Hex/Tmut       #.........   100%        5

Inventory:

Hand Weapons
 a - a +0 falchion (weapon)
Missiles
 s - 33 sling bullets
 t - 94 stones (quivered)
Armour
 b - a +0 leather armour (worn)
 r - a +0 cloak (worn)
Wands
 g - a wand of digging (3)
 i - a wand of paralysis (5)
Scrolls
 c - a scroll of fog
 d - a scroll of magic mapping
 e - a scroll of fear
 h - 2 scrolls of remove curse {unknown}
 j - 3 scrolls of identify {unknown}
 k - 2 scrolls of blinking {unknown}
 l - a scroll of amnesia {unknown}
 m - a scroll of enchant weapon {unknown}
 n - a scroll of noise {unknown}
 o - a scroll of immolation {unknown}
 u - a scroll of enchant armour {unknown}
Potions
 f - a potion of haste {@q3}
 p - a potion of curing {unknown}
 q - a potion of brilliance {unknown}
 v - a potion of magic {unknown}

Dungeon Overview and Level Annotations

Branches:
Dungeon (6/15)             Temple (0/1) D:4

Altars:
Nemelex Xobeh
Ru

Annotations:
D:5 exclusion: orc

.▒ .▒ .▒
▒+▒▒▒▒.▒
▒▒+▒......▒
▒.........▒
▒.....pg..▒.▒
▒..†......▒.▒
..
▒.........▒.▒
▒▒.
▒▒▒▒▒▒▒▒..▒.▒
g.. ▒..▒.▒
▒.. ▒..▒.▒
▒.▒ ▒..▒.▒
▒.▒ ▒.▒▒.▒
▒.▒ ▒....▒
▒.▒


You could see a gnoll.


Message History

The gnoll is moderately wounded.
The gnoll hits you with a +2 antimagic flail!
* * * LOW HITPOINT WARNING * * *
You feel your power leaking away.
You closely miss the gnoll.
The gnoll is moderately wounded.
The gnoll hits you with a +2 antimagic flail.
* * * LOW HITPOINT WARNING * * *
You hit the gnoll but do no damage.
The gnoll is moderately wounded.
The gnoll hits you with a +2 antimagic flail!
* * * LOW HITPOINT WARNING * * *
Evoke which item? (* to show all) (? for menu, Esc to quit)
Aiming: Paralyse
Aim: a gnoll, wielding a +2 antimagic flail and wearing a +0 leather armour (moderately wounded, chance to defeat MR: 57%)
The gnoll resists with significant effort.
The gnoll closely misses you.
You riposte.
You completely miss the gnoll.
The gnoll is moderately wounded.
Evoke which item? (* to show all) (? for menu, Esc to quit)
Aiming: Paralyse
Aim: a gnoll, wielding a +2 antimagic flail and wearing a +0 leather armour (moderately wounded, chance to defeat MR: 57%)
The gnoll resists with significant effort.
Evoke which item? (* to show all) (? for menu, Esc to quit)
Aiming: Paralyse
Aim: a gnoll, wielding a +2 antimagic flail and wearing a +0 leather armour (moderately wounded, chance to defeat MR: 57%)
The gnoll resists with significant effort.
The gnoll hits you with a +2 antimagic flail.
You die...

Action                   |  1- 3 |  4- 6 || total
-------------------------+-------+-------++-------
Melee: Falchion          |    97 |   118 ||   215
Throw: Stone             |     4 |       ||     4
Evoke: Wand              |       |     3 ||     3
 Stab: Sleeping          |     9 |     4 ||    13
Armor: Leather armour    |    21 |     4 ||    25
Dodge: Dodged            |    84 |    39 ||   123
       Rpst.: Falchion   |    21 |    14 ||    35

Levels and vault maps discovered:
D:1:      heliophobic_arrival_henge, layout_rooms, serial_glass,
          glass_columns_a, glass_columns_c
D:2:      layout_loops_ring, nicolae_overflow_crystal_walls,
          nicolae_ru_the_path_less_chosen
D:3:      layout_basic, kennysheep_generic_room_16, uniq_terence
D:4:      layout_rooms, temple_fountains, minivault_14
D:5:      minmay_octagon_keep, layout_basic, grunt_temple_overflow_open,
          kennysheep_slug_shrine
D:6:      layout_gridville

Notes
Turn   | Place    | Note
-------+----------+-------------------------------------------
     0 | D:5      | sanka the Halfling Delver began the quest for the Orb.
     0 | D:5      | Reached XP level 1. HP: 15/15 MP: 1/1
    19 | D:5      | Noticed an orc wizard
    53 | D:5      | Noticed an ogre
   263 | D:5      | Noticed a hound
   305 | D:5      | Noticed a hound
   339 | D:4      | Found a staircase to the Ecumenical Temple.
   345 | D:4      | Noticed a phantom
   346 | D:4      | Noticed an iguana
   368 | D:3      | Reached XP level 2. HP: 8/20 MP: 2/2
   584 | D:2      | Noticed a phantom
   855 | D:1      | Reached XP level 3. HP: 19/25 MP: 3/3
   943 | D:1      | Reached skill level 3 in Fighting
  1674 | D:2      | Reached XP level 4. HP: 30/31 MP: 4/4
  1714 | D:2      | Reached skill level 3 in Dodging
  1797 | D:2      | Found a sparkling altar of Nemelex Xobeh.
  1951 | D:2      | Found a sacrificial altar of Ru.
  2018 | D:2      | Became a worshipper of Ru the Awakened
  2093 | D:2      | Reached skill level 6 in Stealth
  2497 | D:3      | Reached skill level 3 in Long Blades
  2534 | D:3      | Reached skill level 1 in Evocations
  2575 | D:3      | HP: 1/31 [gnoll/+2 antimagic flail (10)]
  2578 | D:3      | Slain by a gnoll

Vanquished Creatures
  An adder (D:2)
  2 gnolls (D:3)
  An ooze (D:1)
  2 dart slugs (D:2)
  2 leopard geckos
  2 orcs
  5 bats
  4 giant cockroaches
  2 goblins (D:1)
  6 hobgoblins
  8 kobolds
  3 frilled lizards
  7 rats
  A plant (D:2)
46 creatures vanquished.
